 Dungeon Crawl Stone Soup version 0.24-a0-778-g74da537585 (webtiles) character file.

Game seed: 6085683750202233352, levelgen mode: deterministic

4594 dvd2 the Ducker (level 10, -3/91 HPs)
             Began as a Troll Air Elementalist on Oct 7, 2019.
             Was a Priest of Qazlal.
             Slain by Psyche the tarantella (5 damage)
             ... on level 8 of the Dungeon.
             The game lasted 00:31:42 (8112 turns).

dvd2 the Ducker (Troll Air Elementalist)            Turns: 8112, Time: 00:31:42

Health: -3/91      AC:  8    Str: 16 (18) XL:     10   Next: 19%
Magic:  14/14      EV: 11    Int: 14      God:    Qazlal [***...]
Gold:   394        SH:  0    Dex:  9 (10) Spells: 12/16 levels left

rFire    . . .     SeeInvis +   A - staff of poison (curse)
rCold    . . .     Gourm    +   (no shield)
rNeg     + . .     Faith    .   w - +1 robe {rN+}
rPois    +         Spirit   .   (helmet restricted)
rElec    .         Reflect  .   j - +0 cloak
rCorr    .         Harm     .   (gloves unavailable)
MR       .....                  (boots unavailable)
Stlth    +.........             (no amulet)
HPRegen  0.65/turn              r - ring of see invisible
MPRegen  0.14/turn              (no ring)

@: confused, invisible
A: large, unfitting armour, claws 3, fast metabolism 3, gourmand, regeneration
1, shaggy fur 1, tough skin 3
a: Upheaval, Elemental Force, Renounce Religion


You were on level 8 of the Dungeon.
You worshipped Qazlal.
Qazlal was most pleased with you.
You were not hungry.

You visited 1 branch of the dungeon, and saw 8 of its levels.

You collected 394 gold pieces.

Inventory:

Hand Weapons
 a - a +1 whip of flaming
 d - a +2 dagger of speed
 e - a +0 flail of holy wrath
 g - a +0 hand axe of flaming
 n - a +0 trident
 o - a +0 quarterstaff of protection
 s - a +2 quarterstaff of chaos
 t - a +1 scimitar of flaming
 y - a +3 short sword
Missiles
 h - 3 boomerangs (quivered)
Armour
 j - a +0 cloak (worn)
 v - a +0 large shield
 w - a +1 robe of positive energy (worn)
Magical Staves
 u - an uncursed staff of wizardry {unknown}
 A - a cursed staff of poison (weapon)
Jewellery
 r - a ring of see invisible (left claw)
Wands
 p - a wand of flame (31)
 x - a wand of enslavement (4)
 z - a wand of polymorph (10)
 C - a wand of digging (7)
Scrolls
 b - 6 scrolls of identify
 q - a scroll of fog
 B - a scroll of blinking
Potions
 k - a potion of flight
Comestibles
 c - 14 rations


   Skills:
 + Level 3.4 Fighting
 + Level 3.3(4.4) Axes
 + Level 4.7(5.6) Maces & Flails
 + Level 2.2(3.5) Staves
 + Level 0.7 Throwing
 + Level 5.1 Dodging
 + Level 1.4 Stealth
 * Level 4.3 Shields
 + Level 3.6 Spellcasting
 + Level 3.4 Conjurations
 + Level 3.9 Air Magic
 + Level 0.3 Evocations


You had 12 spell levels left.
You knew the following spells:

 Your Spells              Type           Power        Failure   Level  Hunger
a - Shock                 Conj/Air       ##..         4%          1    None
b - Static Discharge      Conj/Air       ##......     13%         3    ###....

Your spell library contained the following spells:

 Spells                   Type           Power        Failure   Level  Hunger
 Swiftness                Chrm/Air       #.......     14%         2    ##.....
 Corona                   Hex            #......      21%         1    None
 Ensorcelled Hibernation  Hex/Ice        #.....       30%         2    ##.....
 Dazzling Spray           Conj/Hex       #.....       30%         3    ###....
 Airstrike                Air            ##........   36%         4    ####...
 Confuse                  Hex            #.......     52%         3    ###....
 Tukima's Dance           Hex            #.......     52%         3    ###....
 Lightning Bolt           Conj/Air       ##........   77%         5    ######.


Dungeon Overview and Level Annotations

Branches:
Dungeon (8/15)             Temple (0/1) D:5
   Lair: D:8-11

Altars:
Elyvilon
Qazlal
Sif Muna
Vehumet

Annotations:
D:7 Harold, Joseph, Menkaure
D:8 Psyche


Innate Abilities, Weirdness & Mutations

You are too large for most types of armour.
You have claws for hands.
Your metabolism is lightning-fast.
You like to eat raw meat.
Your natural rate of healing is unusually fast.
You are covered in fur. (AC +1)
You have extremely tough skin. (AC +3)


Message History

You are more confused.
You hit Psyche.
Psyche is heavily wounded.
You hear the quick hiss of a very distant avalanche of sand.
Psyche bites you but does no damage.
You swing at nothing.
You feel less wooden.
Your +0 cloak unmelds from your body.
Your +1 robe of positive energy unmelds from your body.
You feel more protected from negative energy.
Psyche barely misses you. Psyche bites you!
* * * LOW HITPOINT WARNING * * *
It was a potion of magic.
Magic courses through your body. Psyche bites you.
* * * LOW HITPOINT WARNING * * *
You are more confused.
Unknown command.
It was a potion of invisibility.
You fade into invisibility!
Psyche barely misses you. Psyche bites you.
You die...

#.####.# #.####.##
#.##....# #########
#.##.#..#####.......#
#................##.#
####..#.#..##.##.##.##
#####..#.......##.##..#
#.......##..#####.###.#
#.###...@s).#####.# #.#
#.##..#.###.......# #.#
#.##.##.# #.......# #.#
#.##.##.#
#.......###.###
#.......#
#........##.#..
####.####
#.............. #.#
#.........#.#.< #.###
#.........#.... #...#
######.#.......


You could see Psyche the tarantella.

Vanquished Creatures
  Erica (D:8)
  Pikel (D:6)
  A troll (D:6)
  Grinder (D:5)
  Sigmund (D:4)
  Eustachio (D:6)
  A hungry ghost (D:8)
  Duvessa (D:4)
  An orc warrior (D:6)
  4 phantoms
  A sky beast (D:6)
  A slave (D:6)
  3 ogres (D:4)
  A centaur (D:6)
  Blork the orc (D:3)
  3 bullfrogs (D:6)
  A wyvern zombie (D:6)
  Dowan (D:4)
  A scorpion (D:6)
  3 jellies
  5 wights
  3 howler monkeys (D:8)
  A centaur zombie (D:4)
  A bullfrog skeleton (D:6)
  A quasit (D:6)
  A hound (D:7)
  5 orc priests
  3 orc wizards
  Crazy Yiuf (D:5)
  3 iguanas
  7 worker ants
  4 hound zombies
  A howler monkey zombie (D:4)
  A worker ant zombie (D:4)
  7 gnolls (D:6)
  7 adders
  3 shadow imps
  2 oozes
  2 adder zombies (D:4)
  3 adder skeletons (D:4)
  A worm (D:2)
  2 dart slugs (D:1)
  A leopard gecko (D:7)
  12 orcs
  2 ball pythons
  4 bats
  2 giant cockroaches
  8 goblins
  4 hobgoblins
  6 jackals
  4 quokkas
  6 frilled lizards
  2 giant cockroach zombies (D:4)
  A jackal zombie (D:4)
  2 quokka skeletons (D:4)
  4 quokka zombies (D:4)
  10 rats
161 creatures vanquished.

Vanquished Creatures (others)
  2 slaves (D:6)
  A quokka (D:7)
  A withered plant (D:4)
4 creatures vanquished.

Grand Total: 165 creatures vanquished

Notes
Turn   | Place    | Note
-------+----------+-------------------------------------------
     0 | D:1      | dvd2 the Troll Air Elementalist began the quest for the
                  | Orb.
     0 | D:1      | Reached XP level 1. HP: 16/16 MP: 1/1
   196 | D:1      | Reached XP level 2. HP: 24/24 MP: 2/2
  1075 | D:2      | Found a stormy altar of Qazlal.
  1101 | D:2      | Reached XP level 3. HP: 23/31 MP: 1/4
  1110 | D:2      | Became a worshipper of Qazlal Stormbringer
  1222 | D:2      | Found a stormy altar of Qazlal.
  1311 | D:2      | Reached skill level 2 in Dodging
  1320 | D:2      | Reached skill level 1 in Conjurations
  1829 | D:3      | Noticed Blork the orc
  2174 | D:3      | Killed Blork the orc
  2174 | D:3      | Reached XP level 4. HP: 40/40 MP: 2/5
  2181 | D:3      | Found a shimmering blue altar of Sif Muna.
  2272 | D:3      | You fall into a shaft and drop 2 floors!
  2272 | D:5      | Entered Level 5 of the Dungeon
  2278 | D:5      | Noticed a phantom
  2345 | D:5      | Killed a phantom
  2345 | D:5      | Reached XP level 5. HP: 26/46 MP: 1/7
  2465 | D:5      | Reached skill level 1 in Axes
  2496 | D:5      | Reached XP level 6. HP: 3/54 MP: 3/8
  2496 | D:5      | HP: 2/54 [poisoned by a worker ant]
  2499 | D:5      | Reached * piety under Qazlal
  2551 | D:5      | Reached skill level 1 in Fighting
  2667 | D:5      | Found a staircase to the Ecumenical Temple.
  2671 | D:5      | Noticed Grinder
  2855 | D:4      | Noticed Sigmund
  2880 | D:5      | Found a radiant altar of Vehumet.
  3004 | D:5      | Paralysed by Grinder for 2 turns
  3007 | D:5      | Killed Grinder
  3007 | D:5      | Reached skill level 1 in Maces & Flails
  3007 | D:5      | Reached XP level 7. HP: 42/62 MP: 1/9
  3092 | D:5      | Found a runed translucent door.
  3093 | D:5      | Noticed Crazy Yiuf
  3107 | D:5      | Killed Crazy Yiuf
  3541 | D:4      | Reached skill level 3 in Dodging
  4102 | D:3      | Learned a level 3 spell: Static Discharge
  4147 | D:4      | Reached ** piety under Qazlal
  4371 | D:4      | Killed Sigmund
  4371 | D:4      | Reached XP level 8. HP: 44/72 MP: 10/10
  4586 | D:4      | Noticed Duvessa
  4592 | D:4      | Noticed Dowan
  4609 | D:4      | Killed Duvessa
  4667 | D:4      | Your ally died
  4667 | D:4      | Reached skill level 1 in Shields
  5154 | D:6      | Reached skill level 4 in Dodging
  5183 | D:6      | Noticed a troll
  5559 | D:6      | Noticed Eustachio
  5593 | D:5      | Reached *** piety under Qazlal
  5648 | D:6      | Killed Eustachio
  5648 | D:6      | Reached XP level 9. HP: 46/80 MP: 2/12
  5977 | D:6      | Killed a troll
  6244 | D:6      | Noticed Pikel
  6311 | D:6      | Killed Pikel
  6849 | D:7      | Noticed Harold
  6998 | D:6      | Reached skill level 1 in Staves
  7351 | D:7      | HP: 4/83 [Harold/+0 trident (18)]
  7595 | D:8      | Reached XP level 10. HP: 89/91 MP: 7/14
  7601 | D:8      | Noticed Erica
  7668 | D:8      | Killed Erica
  7668 | D:8      | Reached skill level 5 in Dodging
  7861 | D:8      | Noticed Psyche
  7902 | D:7      | Noticed Joseph
  7902 | D:7      | Noticed Menkaure
  7919 | D:7      | Found a white marble altar of Elyvilon.
  8073 | D:8      | Noticed Psyche
  8073 | D:8      | Psyche changed into Psyche the tarantella
  8111 | D:8      | HP: 1/91 [Psyche the tarantella (6)]
  8112 | D:8      | Slain by Psyche the tarantella

Levels and vault maps discovered:
D:1:      dpeg_arrival_yet_another_circle, layout_loops_corners, serial_glass,
          glass_columns_c, glass_columns_b, glass_columns_a, glass_columns_b,
          glass_columns_a, glass_columns_a, glass_columns_a, glass_columns_a,
          glass_columns_b, glass_columns_c
D:2:      layout_loops_cross, old_standard_altar, lemuel_altar_in_water
D:3:      layout_rooms, tgw_sif, moated_statue
D:4:      layout_loops_ring, first_ration, serial_undead, serial_undead_a,
          serial_undead_e, serial_undead_b, serial_undead_b, serial_undead_d,
          serial_undead_b, serial_undead_e, serial_undead_b, uniq_sigmund,
          uniq_duvessa
D:5:      layout_loops_ring, vehumet_altar_wand_db, temple_fountains,
          uniq_crazy_yiuf_cottage, uniq_grinder
D:6:      layout_gridville, small_statue_intersection, uniq_eustachio,
          uniq_pikel
D:7:      layout_rooms, elyvilon_altar_4, uniq_joseph, uniq_menkaure,
          uniq_harold
D:8:      layout_loops_cross, ashenzari_altar_1,
          nicolae_gozag_zags_fifth_avenue, enter_ossuary_4, uniq_erica,
          uniq_psyche

Skill      XL: |  1  2  3  4  5  6  7  8  9 10 |
---------------+-------------------------------+-----
Dodging        | 2 3 4 5 |  5.1
Conjurations   | 1 2 3 |  3.4
Spellcasting   | 2 3 |  3.6
Axes           | 1 2 3 |  3.3
Fighting       | 1 2 3 |  3.4
Maces & Flails | 1 2 3 4 |  4.7
Air Magic      | 3 |  3.9
Shields        | 2 4 |  4.3
Staves         | 1 2 |  2.2
Throwing       | |  0.7
Stealth        | |  1.4
Evocations     | |  0.3

Action                   |  1- 3 |  4- 6 |  7- 9 | 10-12 || total
-------------------------+-------+-------+-------+-------++-------
Melee: Club              |   113 |       |       |       ||   113
       Unarmed           |     1 |       |       |       ||     1
       Hand axe          |     3 |    71 |   117 |       ||   191
       Flail             |       |    34 |   107 |       ||   141
       Staff             |       |       |   114 |    86 ||   200
       Quarterstaff      |       |       |    22 |       ||    22
Throw: Boomerang         |       |       |     6 |       ||     6
 Cast: Shock             |    65 |    51 |   185 |    15 ||   316
       Static Discharge  |       |       |     4 |     2 ||     6
Evoke: Wand              |       |     1 |     9 |     8 ||    18
  Use: Potion            |       |     1 |     1 |     8 ||    10
       Scroll            |       |       |     9 |     2 ||    11
  Eat: Chunk             |    21 |    16 |    45 |     3 ||    85
Armor: Robe              |    62 |    43 |   169 |     6 ||   280
       Skin              |       |       |       |    59 ||    59
Dodge: Dodged            |    81 |    64 |   264 |    26 ||   435
Block: Other             |       |     3 |    63 |     6 ||    72

Table legend:
 A = Non-vault XP
 B = Vault XP
 C = Vault XP percentage of total XP
 D = Non-vault monster count
 E = Vault monster count
 F = Vault count percentage of total count
                 A         B        C        D         E       F
            +---------+---------+-------+---------+---------+-------
      Total |    3917 |    2646 |  40.3 |     130 |      30 |  18.8
            +---------+---------+-------+---------+---------+-------
        D:1 |      31 |       0 |   0.0 |      14 |       0 |   0.0
        D:2 |      44 |       0 |   0.0 |      18 |       0 |   0.0
        D:3 |      19 |      94 |  83.2 |      11 |       1 |   8.3
        D:4 |     530 |     628 |  54.2 |       9 |      23 |  71.9
        D:5 |     535 |     317 |  37.2 |      19 |       3 |  13.6
        D:6 |    2023 |     705 |  25.8 |      42 |       2 |   4.5
        D:7 |     263 |       0 |   0.0 |       9 |       0 |   0.0
        D:8 |     472 |     902 |  65.6 |       8 |       1 |  11.1
            +---------+---------+-------+---------+---------+-------
